 Dungeon Crawl Stone Soup version 0.31.0 (webtiles) character file.

Game seed: 3807583858751879856

4 CaptainMV the Ruffian (level 1, 0/10 HPs)
             Began as a Naga Shapeshifter on Jan 19, 2024.
             Slain by a giant cockroach (1 damage)
             ... on level 1 of the Dungeon.
             The game lasted 00:01:12 (64 turns).

CaptainMV the Ruffian (Naga Shapeshifter)             Turns: 64, Time: 00:01:13

Health: 0/10       AC:  0    Str: 16    XL:     1   Next: 70%
Magic:  1/1        EV: 13    Int: 10    God:
Gold:   10         SH:  0    Dex: 10    Spells: 0/0 levels left

rFire   . .          .
                       - Unarmed
rCold   . . .        (shield currently unavailable)
rNeg    . . .        a - melded +0 animal skin
rPois   +            (no helmet)
rElec   .            (no cloak)
rCorr   .            (no gloves)
SInv    +            (no barding)
Will    .....        (no amulet)
Stlth   +            (no ring)
HPRegen 0.21/turn    (no ring)
MPRegen 0.07/turn

%: no passive effects
@: flux-form, glowing, very slow
A: glow, contaminating, reduced hp, AC +0, large, see invisible, deformed body,
poison resistance, slowness 2, spit poison 1, naga tail 1
a: Spit Poison, Begin Untransformation


You were on level 1 of the Dungeon.
You were something dangerously unstable.
You visited 1 branch of the dungeon, and saw 1 of its levels.

You collected 10 gold pieces.

Inventory:

Armour
 a - a +0 animal skin (melded)
Talismans
 c - a beast talisman
 d - a flux talisman (active)
Scrolls
 e - a scroll of blinking {unknown}
Potions
 b - a potion of lignification


   Skills:
 + Level 1.0 Fighting
 + Level 1.5 Dodging
 + Level 3.3 Unarmed Combat
 + Level 3.0 Shapeshifting


You couldn't memorise any spells.
You didn't know any spells.
Your spell library was empty.

Dungeon Overview and Level Annotations

Branches:
Dungeon (1/15)

Altars:


Innate Abilities, Weirdness & Mutations

You are something dangerously unstable.
You glow with magical radiation, making you easy to see and hit.
Foes you strike become dangerously contaminated with magical radiation.
Your maximum health is decreased, since you lack skill for your form.
You are incapable of wielding weapons or throwing items.
Your serpentine skin is tough. (AC +0)
You have supernaturally acute eyesight. (SInv)
Armour fits poorly on your strangely shaped body.
Your system is resistant to poisons. (rPois)
You cover ground very slowly.
You can spit poison.
You have a snake-like lower body.


Message History

The bat barely misses you. The bat barely misses you. The bat hits you.
The bat barely misses you. The bat hits you.
You hit the bat.
You kill the bat!
A kobold comes into view. It is wielding a +0 dagger.
Found a dragon-blood talisman.
The kobold shouts!
A hobgoblin comes into view.
The hobgoblin shouts!
A giant cockroach comes into view.
Aiming: Spit Poison (3% risk of failure)
Press: ? - help, Shift-Dir - straight line, f - kobold
Aim: a kobold, wielding a +0 dagger (43% to hit)
The splash of poison misses the kobold.
The splash of poison hits the hobgoblin!
The hobgoblin is poisoned.
You kill the hobgoblin!
You barely miss the kobold. The kobold misses you.
You closely miss the kobold. You hit the kobold but do no damage.
The kobold begins to glow.
The kobold hits you with a +0 dagger.
You hit the kobold but do no damage.
The kobold glows dangerously bright.
The kobold hits you with a +0 dagger.
You closely miss the kobold.
You have got your breath back.
The kobold hits you with a +0 dagger. The giant cockroach closely misses you.
You barely miss the kobold. The kobold closely misses you.
The giant cockroach bites you.
* * * LOW HITPOINT WARNING * * *
You hit the kobold but do no damage.
The kobold shudders as magic cascades through it!
You kill the kobold!
The giant cockroach barely misses you.
You hit the giant cockroach but do no damage.
The giant cockroach begins to glow.
The giant cockroach bites you.
* * * LOW HITPOINT WARNING * * *
The giant cockroach bites you.
You die...

#.# #..# #......# #.#
#..# #.....%#
##.####..# ##......#
###.....#..# #....?†.#
##...###.#..#
#.......## #...##
#....# #.........
#...#
#.##.###........#
##...##.#....)...)..#
........#^......pB..#
##.#.####.......######
.#.#.#<##............#
...'...##.......#..#.#
#########......###.#
#.....†..#.#
#......#.# .
#......#... #
#......##.##


You could see a giant cockroach (contam).

Vanquished Creatures
  A bat (D:1)
  A goblin (D:1)
  A hobgoblin (D:1)
  A kobold (D:1)
4 creatures vanquished.

Notes
Turn   | Place    | Note
-------+----------+-------------------------------------------
     0 | D:1      | CaptainMV the Naga Shapeshifter began the quest for the
                  | Orb.
     0 | D:1      | Reached XP level 1. HP: 18/18 MP: 1/1
    64 | D:1      | Slain by a giant cockroach

Illustrated notes

Levels and vault maps discovered:
D:1:      onia_arrival_mini_spirals, layout_basic, serial_shops,
          nicolae_shop_mannequins, nicolae_lakefront_shop, shop

Action                     || total
---------------------------++-------
  Melee: Unarmed           ||    17
Ability: Spit Poison       ||     2
 Armour: Skin              ||    11
         Animal skin       ||     4
  Dodge: Dodged            ||    20
   Form: Flux              ||     1
